 Dungeon Crawl Stone Soup version 0.29.1-15-g9cfb28693d (webtiles) character file.

Game seed: 13066506333291129735

2356 ThatPearl the Fighter (level 9, 0/114 HPs)
             Began as a Demonspawn Berserker on Mar 11, 2023.
             Was a Priest of Trog.
             Slain by a gnoll sergeant
             ... wielding a +0 vorpal spear
              (4 damage)
             ... on level 6 of the Dungeon.
             The game lasted 00:12:41 (8697 turns).

ThatPearl the Fighter (Demonspawn Berserker)        Turns: 8697, Time: 00:12:42

Health: 0/114      AC: 12    Str: 22    XL:     9   Next: 20%
Magic:  9/9        EV: 25    Int:  9    God:    Trog [***...]
Gold:   280        SH:  4    Dex: 18    Spells: 8/8 levels left

rFire   . . .      SeeInvis .   H - +0 war axe
rCold   . . .      Faith    .   D - +0 buckler
rNeg    . . .      Spirit   .   r - +0 scale mail
rPois   .          Reflect  .   (no helmet)
rElec   .          Harm     .   z - +0 cloak
rCorr   .          Rampage  .   (no gloves)
Will    .....                   (no boots)
Stlth   ..........              y - amulet of the acrobat
HPRegen 0.29/turn               p - +4 ring of protection
MPRegen 0.11/turn               x - +6 ring of dexterity

@: berserking (expiring), acrobatic, very quick
A: claws 2, foul stench 2, sharp scales 1
a: Renounce Religion, Berserk, Trog's Hand


You were on level 6 of the Dungeon.
You worshipped Trog.
Trog was most pleased with you.
You visited 1 branch of the dungeon, and saw 7 of its levels.

You collected 280 gold pieces.

Inventory:

Hand Weapons
 a - a +0 hand axe
 w - a +0 flail of protection
 C - a +1 spear of flaming
 E - a +10 rapier
 H - a +0 war axe (weapon)
Missiles
 g - 75 stones (quivered)
 u - 4 poisoned darts
 v - 2 throwing nets
Armour
 r - a +0 scale mail (worn)
 z - a +0 cloak (worn)
 D - a +0 buckler (worn)
Jewellery
 h - a ring of positive energy
 p - a +4 ring of protection (left claw)
 x - a +6 ring of dexterity (right claw)
 y - an amulet of the acrobat (around neck)
Wands
 i - a wand of flame (7)
Scrolls
 b - 2 scrolls of amnesia {unknown}
 c - 2 scrolls of vulnerability {unknown}
 d - 4 scrolls of teleportation {unknown}
 e - a scroll of immolation {unknown}
 f - 7 scrolls of identify {unknown}
 k - 2 scrolls of magic mapping {unknown}
 m - 2 scrolls of fog {unknown}
 o - 2 scrolls of blinking {unknown}
 q - a scroll of enchant armour {unknown}
 F - a scroll of silence {unknown}
 G - a scroll of enchant weapon {unknown}
Potions
 j - a potion of attraction {unknown}
 l - 3 potions of might {unknown}
 n - 2 potions of flight {unknown}
 s - a potion of ambrosia {unknown}
 t - a potion of experience {unknown}
 A - a potion of mutation {unknown}
 B - a potion of curing {unknown}
 I - 2 potions of magic {unknown}
 J - a potion of heal wounds {unknown}


   Skills:
 + Level 9.3 Fighting
 + Level 8.5 Axes
 - Level 1.7 Armour
 - Level 1.7 Dodging


You had 8 spell levels left.
You didn't know any spells.
Your spell library contained the following spells:

 Spells                   Type           Power      Damage    Failure   Level
 Apportation              Tloc           0%         N/A       83%         1
 Alistair's Intoxication  Tmut/Pois      0%         N/A       100%        5


Dungeon Overview and Level Annotations

Branches:
Dungeon (7/15)             Temple (0/1) D:4

Altars:
Hepliaklqana
Kikubaaqudgha
Xom

Shops:
D:2 (   D:4 =

Annotations:
D:3 1 runed translucent door, Gelion's ghost, amateur DEEE


Innate Abilities, Weirdness & Mutations

You have very sharp fingernails.
You sometimes emit foul miasma when damaged in melee.
You are partially covered in razor-sharp scales. (AC +1, Slay +1)


Message History

You slash the centaur!
You kill the centaur!
Trog accepts your kill.
Duvessa hits you with a +2 rapier of protection!
The gnoll closely misses you.
You barely miss Duvessa.
Duvessa is severely wounded.
Duvessa hits you with a +2 rapier of protection!
You emit a cloud of foul miasma!
The gnoll hits you from afar with a +0 halberd.
Duvessa is engulfed in dark miasma.
Duvessa is poisoned.
Duvessa hits you with a +2 rapier of protection!
You slash Duvessa!
You kill Duvessa!
Trog accepts your kill.
You slash the gnoll! The gnoll completely misses you.
The gnoll barely misses you.
You slice the gnoll!!
You kill the gnoll!
Trog accepts your kill.
A gnoll sergeant comes into view. It is wielding a +0 vorpal spear.
The gnoll completely misses you.
Items here: )) [ †.
You barely miss the gnoll.
The gnoll sergeant hits you from afar with a +0 vorpal spear!
* * * LOW HITPOINT WARNING * * *
x2 You block the gnoll's attack.
You completely miss the gnoll. You hit the gnoll.
The gnoll is moderately wounded.
The gnoll sergeant hits you from afar with a +0 vorpal spear!
* * * LOW HITPOINT WARNING * * *
x2 The gnoll barely misses you.
You slice the gnoll!!
You kill the gnoll!
Trog accepts your kill.
The gnoll sergeant hits you from afar with a +0 vorpal spear!
* * * LOW HITPOINT WARNING * * *
x2 The gnoll sergeant hits you with a +0 vorpal spear.
You die...

##. ##.## .. ##.. ...
..... .# #.... #.## .
...# .. ...... #.##.#
#..###### ...... #.##.#
#........ .#[...
#?#.#.##.#######
......###..# #).......##
........g.## ##.).......
.....>.@#..###........##
......))#...#....###..#
.....)).##..))###.##..##
......).##...###.#......
......#.##...##.###...##
##...##.##.....## ##..#
#### #.##....#.###.#.##
#.##....<..#.....#
#.###...........[#


You could see a gnoll sergeant.

Vanquished Creatures
  Grinder (D:5)
  Eustachio (D:6)
  Menkaure (D:6)
  2 water moccasins (D:5)
  Duvessa (D:6)
  2 black bears
  A centaur (D:6)
  2 phantoms
  A gnoll sergeant (D:6)
  2 scorpions
  A necrophage (D:6)
  Dowan (D:6)
  3 wights (D:6)
  A howler monkey (D:5)
  An orc priest (D:7)
  2 hounds
  2 jellies
  Jessica (D:3)
  2 iguanas
  6 orc wizards
  12 gnolls
  6 adders
  3 worms
  2 dart slugs (D:2)
  23 orcs
  10 endoplasms
  A giant cockroach (D:2)
  6 goblins
  6 hobgoblins
  5 jackals (D:1)
  5 quokkas
  4 ball pythons
  12 bats
  2 frilled lizards
  6 kobolds
  5 rats
142 creatures vanquished.

Vanquished Creatures (others)
  An orc wizard (D:7)
  2 fungi (D:6)
3 creatures vanquished.

Grand Total: 145 creatures vanquished

Notes
Turn   | Place    | Note
-------+----------+-------------------------------------------
     0 | D:1      | ThatPearl the Demonspawn Berserker began the quest for the
                  | Orb.
     0 | D:1      | Reached XP level 1. HP: 18/18 MP: 1/1
   148 | D:1      | Gained mutation: You have sharp fingernails. [demonic
                  | ancestry]
   148 | D:1      | Reached XP level 2. HP: 19/24 MP: 2/2
  1241 | D:2      | Gained mutation: You may rarely emit foul miasma when
                  | damaged in melee. [demonic ancestry]
  1241 | D:2      | Reached XP level 3. HP: 27/29 MP: 3/3
  1742 | D:2      | Found Acvyzef's Weapon Shoppe.
  2078 | D:2      | Reached skill level 4 in Fighting
  2145 | D:2      | Reached ** piety under Trog
  2578 | D:3      | Gained mutation: You are partially covered in razor-sharp
                  | scales. (AC +1, Slay +1) [demonic ancestry]
  2578 | D:3      | Reached XP level 4. HP: 31/37 MP: 4/4
  2844 | D:3      | Noticed Jessica
  2855 | D:3      | Killed Jessica
  3072 | D:3      | Reached XP level 5. HP: 29/43 MP: 5/5
  3698 | D:3      | Found a runed translucent door.
  3786 | D:3      | Noticed Gelion's ghost (amateur DEEE)
  3812 | D:4      | Found a staircase to the Ecumenical Temple.
  4012 | D:4      | Found a shimmering altar of Xom.
  4301 | D:4      | Reached skill level 5 in Fighting
  4301 | D:4      | Gained mutation: You have very sharp fingernails. [demonic
                  | ancestry]
  4301 | D:4      | Reached XP level 6. HP: 30/51 MP: 6/6
  4580 | D:4      | Reached skill level 5 in Axes
  4869 | D:4      | Found Fuss's Jewellery Shop.
  5239 | D:5      | Entered Level 5 of the Dungeon
  5335 | D:5      | Noticed a water moccasin
  5341 | D:5      | Killed a water moccasin
  5401 | D:5      | Reached skill level 6 in Fighting
  5401 | D:5      | Gained mutation: You sometimes emit foul miasma when
                  | damaged in melee. [demonic ancestry]
  5401 | D:5      | Reached XP level 7. HP: 44/58 MP: 7/7
  5925 | D:5      | Noticed Grinder
  5962 | D:5      | Paralysed by Grinder for 4 turns
  5968 | D:5      | Paralysed by Grinder for 4 turns
  5983 | D:5      | Paralysed by Grinder for 4 turns
  5984 | D:5      | HP: 2/59 [Grinder/nerve-wracking pain (10)]
  5987 | D:5      | Killed Grinder
  5988 | D:5      | Reached skill level 7 in Fighting
  6391 | D:5      | Found an ancient bone altar of Kikubaaqudgha.
  6447 | D:5      | Reached XP level 8. HP: 38/67 MP: 8/8
  6914 | D:6      | Noticed Menkaure
  7080 | D:6      | Killed Menkaure
  7441 | D:6      | Noticed Eustachio
  7459 | D:6      | Killed Eustachio
  7460 | D:6      | Reached skill level 8 in Fighting
  7774 | D:6      | Reached *** piety under Trog
  7987 | D:6      | Noticed Dowan
  8018 | D:6      | Killed Dowan
  8127 | D:6      | You fall into a shaft and drop 1 floor!
  8167 | D:7      | Reached XP level 9. HP: 75/75 MP: 9/9
  8172 | D:7      | Reached skill level 9 in Fighting
  8610 | D:6      | Found a hazy altar of Hepliaklqana.
  8679 | D:6      | Noticed Duvessa
  8690 | D:6      | Killed Duvessa
  8696 | D:6      | HP: 5/114 [gnoll sergeant/+0 vorpal spear (12)]
  8697 | D:6      | Slain by a gnoll sergeant

Illustrated notes

Levels and vault maps discovered:
D:1:      psy_arrival_fountain, layout_loops_ring
D:2:      layout_loops_corners, serial_shops, shop, minmay_misc_feat_plants
D:3:      layout_loops_corners, gammafunk_ghost_grave, grunt_ministairs_3,
          uniq_jessica
D:4:      layout_gridville, mainiacjoe_overflow_concentric_impassable,
          minmay_temple_entry_butterflies, serial_shops, kennysheep_mini_moat
D:5:      layout_gridville, lemuel_coloured_pillars_altar,
          nicolae_concentric_dashed_squares_mild, abandoned_shop, uniq_grinder
D:6:      layout_loops_ring, nicolae_hepliaklqana_hippocampus,
          mainiacjoe_overflow_tiny_flanked, corexii_item_surrounded_by_moat,
          uniq_eustachio, uniq_duvessa, uniq_edmund, uniq_menkaure
D:7:      layout_loops_ring, minmay_misc_feat_secret_circle, uniq_prince_ribbit1

Skill      XL: |  1  2  3  4  5  6  7  8  9 |
---------------+----------------------------+-----
Axes           | 3 4 5 6 8 |  8.5
Fighting       | 4 5 6 7 8 9 |  9.3
Armour         | |  1.7
Dodging        | |  1.7

Action                   |  1- 3 |  4- 6 |  7- 9 || total
-------------------------+-------+-------+-------++-------
Melee: Hand axe          |   167 |   163 |   229 ||   559
       Punch             |     3 |       |     3 ||     6
       Flail             |       |     7 |       ||     7
       Rapier            |       |       |    25 ||    25
       War axe           |       |       |    15 ||    15
Invok: Berserk           |     1 |     3 |     3 ||     7
Armor: Animal skin       |     5 |       |       ||     5
       Ring mail         |    59 |    29 |       ||    88
       Scale mail        |       |    69 |   146 ||   215
Dodge: Dodged            |   111 |    91 |   149 ||   351
Block: Buckler           |       |       |    23 ||    23
